 Dungeon Crawl Stone Soup version 0.20.1-1-g8b1a95d66d (webtiles) character file.

114 Jannitor the Cutter (level 4, -6/28 HPs)
             Began as a Deep Elf Chaos Knight on Dec 13, 2017.
             Mangled by an ice beast (8 damage)
             ... on level 4 of the Dungeon.
             The game lasted 00:04:44 (4164 turns).

Jannitor the Cutter (Deep Elf Chaos Knight)         Turns: 4164, Time: 00:04:46

Health: -6/28      AC:  5    Str:  9 (12) XL:     4   Next: 67%
Magic:  6/6        EV: 12    Int: 15 (18) God:    Xom [...*..]
Gold:   112        SH:  0    Dex: 12 (14) Spells: 3/3 levels left

rFire    . . .     SeeInvis .   r - +0 dagger (venom)
rCold    . . .     Gourm    .   (no shield)
rNeg     + . .     Faith    .   b - +2 leather armour
rPois    .         Spirit   .   (no helmet)
rElec    .         Reflect  .   (no cloak)
rCorr    .         Harm     .   (no gloves)
MR       .....                  (no boots)
Stlth    ++........             (no amulet)
Regen    0.1/turn               j - +3 ring of strength
MPRegen  0.1/turn               k - ring of positive energy

@: no status effects
A: no striking features
a: Renounce Religion


You were on level 4 of the Dungeon.
You worshipped Xom.
You were a favourite toy of Xom.
You were not hungry.

You visited 1 branch of the dungeon, and saw 4 of its levels.

You collected 112 gold pieces.

Inventory:

Hand Weapons
 a - a +0 short sword of chaos
 r - a +0 dagger of venom (weapon)
Armour
 b - a +2 leather armour (worn)
Jewellery
 j - a +3 ring of strength (left hand)
 k - a ring of positive energy (right hand)
 x - an uncursed amulet of the gourmand {unknown}
Scrolls
 e - a scroll of remove curse {unknown}
 g - a scroll of fog {unknown}
 h - a scroll of identify {unknown}
 i - 5 scrolls of teleportation {unknown}
 m - 2 scrolls of noise {unknown}
 q - 4 scrolls of amnesia {unknown}
 u - a scroll of recharging {unknown}
 w - a scroll of enchant armour {unknown}
Potions
 l - a potion of invisibility {unknown}
 s - a potion of degeneration
Comestibles
 c - 3 bread rations
 d - 3 fruits
 f - 4 meat rations
 n - 2 royal jellies


   Skills:
 + Level 3.1 Fighting
 + Level 3.7 Short Blades
 - Level 0.7 Armour
 + Level 3.5 Dodging
 + Level 2.6 Stealth


You had 3 spell levels left.
You didn't know any spells.

Dungeon Overview and Level Annotations

Branches:
Dungeon (4/15)
 Temple: D:4-7

Altars:
Ashenzari
Elyvilon
Vehumet


Message History

The helpless ice beast fails to defend itself.
You puncture the ice beast!
The ice beast is poisoned.
The ice beast is heavily wounded.
The ice beast barely misses you.
You barely miss the ice beast.
The ice beast is severely wounded.
You hit the ice beast but do no damage.
The ice beast is severely wounded.
The ice beast hits you. The ice beast freezes you!
You barely miss the ice beast.
The ice beast is severely wounded.
The ice beast hits you. The ice beast freezes you!
* * * LOW HITPOINT WARNING * * *
You closely miss the ice beast.
The ice beast is severely wounded.
The ice beast hits you.
* * * LOW HITPOINT WARNING * * *
The ice beast freezes you!
You die...
Xom cackles wildly!

## ####.# ###
#...!###
#...##Y#....#
....Z..@..#.#
#.........#.######.
.................>
.#)..........$..#
........#.......#
................#..
........#.........#
....#.#.#..#......#
...##.#.#......)###


You could see an ice beast and an adder skeleton.

Vanquished Creatures
  Natasha (D:2)
  2 adders (D:3)
  An ooze (D:3)
  A worm (D:3)
  5 dart slugs
  2 leopard geckos
  6 orcs
  3 bats
  4 giant cockroaches
  3 goblins
  6 hobgoblins
  2 jackals (D:3)
  2 kobolds
  2 quokkas
  A frilled lizard (D:3)
  3 rats
44 creatures vanquished.

Notes
Turn   | Place    | Note
-------+----------+-------------------------------------------
     0 | D:1      | Jannitor the Deep Elf Chaos Knight began the quest for the Orb.
     0 | D:1      | Reached XP level 1. HP: 13/13 MP: 3/3
    77 | D:1      | XOM: potion effect (haste)
   146 | D:1      | XOM: potion effect (might)
   148 | D:1      | Reached skill level 1 in Stealth
   399 | D:1      | XOM: cloud trail
   510 | D:2      | Found a white marble altar of Elyvilon.
   700 | D:2      | Reached XP level 2. HP: 11/18 MP: 4/4
   830 | D:2      | Noticed Natasha
   833 | D:2      | Noticed a crimson imp
   838 | D:2      | Killed Natasha
   838 | D:2      | Reached XP level 3. HP: 12/22 MP: 5/5
  1021 | D:2      | XOM: divination: detect items
  1537 | D:2      | XOM: divination: detect items
  2093 | D:2      | XOM: medium Tmut miscast
  2328 | D:2      | XOM: cloud trail
  2386 | D:3      | XOM: harmless Fire miscast
  2418 | D:3      | XOM is BORED!
  2418 | D:3      | XOM: enchant monster (bad)
  2619 | D:3      | XOM: harmless Pois miscast
  2748 | D:3      | Found a radiant altar of Vehumet.
  2772 | D:3      | Reached XP level 4. HP: 26/27 MP: 6/6
  3752 | D:3      | XOM: divination: detect items
  3778 | D:4      | Noticed an ogre
  3784 | D:4      | XOM: summons friendly ufetubus
  3827 | D:4      | Found a shattered altar of Ashenzari.
  3887 | D:4      | XOM: butterfly on damage
  4026 | D:3      | XOM: god gift: scroll labeled MOOSYG UMAOCOPP {god gift}
  4153 | D:4      | Noticed an ogre
  4156 | D:4      | Noticed an ice beast
  4156 | D:4      | an ogre changed into an ice beast
  4156 | D:4      | XOM: polymorph ogre -> ice beast
  4164 | D:4      | Mangled by an ice beast

Skill      XL: |  1  2  3  4 |
---------------+-------------+-----
Stealth        | 1 2 |  2.6
Dodging        | 3 |  3.5
Fighting       | 3 |  3.1
Short Blades   | |  3.7
Armour         | |  0.7

Action                   |  1- 3 |  4- 6 || total
-------------------------+-------+-------++-------
Melee: Short sword       |    42 |       ||    42
       Dagger            |    46 |    76 ||   122
  Use: Potion            |       |     6 ||     6
 Stab: Sleeping          |     2 |     2 ||     4
  Eat: Chunk             |     6 |     4 ||    10
Armor: Leather armour    |    10 |     9 ||    19
Dodge: Dodged            |    36 |    26 ||    62
